 Dungeon Crawl Stone Soup version 0.27-a0-1090-gb115f176c6 (webtiles) character file.

Game seed: 1308334675526860360

36 voltaire321 the Insei (level 3, 0/31 HPs)
             Began as a Naga Transmuter on Apr 27, 2021.
             Slain by a worm (11 damage)
             ... on level 2 of the Dungeon on Apr 28, 2021.
             The game lasted 00:05:02 (1339 turns).

voltaire321 the Insei (Naga Transmuter)             Turns: 1339, Time: 00:05:03

Health: 0/31       AC:  2    Str: 12    XL:     3   Next: 37%
Magic:  5/6        EV: 10    Int: 13    God:
Gold:   5          SH:  0    Dex: 12    Spells: 3/6 levels left

rFire    . . .     SeeInvis +     - Unarmed
rCold    . . .     Faith    .   (no shield)
rNeg     . . .     Spirit   .   a - +0 robe
rPois    +         Reflect  .   (helmet currently unavailable)
rElec    .         Harm     .   (no cloak)
rCorr    .         Rampage  .   (no gloves)
Will     .....                  (no barding)
Stlth    +.........             (no amulet)
HPRegen  0.10/turn              (no ring)
MPRegen  0.10/turn              (no ring)

@: appendages (expiring), very slow
A: horns 2, AC +1, large, see invisible, deformed body, poison resistance,
slowness 2, spit poison 1, naga tail 1
a: Spit Poison, End Transformation


You were on level 2 of the Dungeon.
You had temporarily grown beastly horns.
You visited 1 branch of the dungeon, and saw 2 of its levels.

You collected 5 gold pieces.

Inventory:

Armour
 a - a +0 robe (worn)
 c - a +2 hat (melded)
Scrolls
 b - a scroll of teleportation {unknown}
 d - 2 scrolls of vulnerability {unknown}
Potions
 e - a potion of lignification {unknown}
 f - a potion of degeneration {unknown}


   Skills:
 + Level 1.0 Fighting
 + Level 1.9 Dodging
 + Level 3.4 Unarmed Combat
 + Level 2.3 Spellcasting
 + Level 2.5 Transmutations


You had 3 spell levels left.
You knew the following spells:

 Your Spells              Type           Power      Damage    Failure   Level
a - Beastly Appendage     Tmut           16%        N/A       9%          1
b - Wereblood             Tmut           8%         N/A       13%         2

Your spell library contained the following spells:

 Spells                   Type           Power      Damage    Failure   Level
 Spider Form              Tmut/Pois      2%         N/A       41%         3
 Ice Form                 Ice/Tmut       4%         N/A       82%         4
 Hydra Form               Tmut           4%         N/A       93%         5


Dungeon Overview and Level Annotations

Branches:
Dungeon (2/15)

Altars:

Shops:
D:1 *(


Innate Abilities, Weirdness & Mutations

You have temporarily grown beastly horns.
Your serpentine skin is tough. (AC +1)
You have supernaturally acute eyesight. (SInv)
Armour fits poorly on your strangely shaped body.
Your system is resistant to poisons. (rPois)
You cover ground very slowly.
You can spit poison.
You have a snake-like lower body.


Message History

Confirm with . or Enter, or press ? or * to list all spells.
You grow a pair of large bovine horns.
Your +2 hat melds into your body.
The quokka twitches its whiskers.
The quokka misses you.
You hit the quokka but do no damage. The quokka bites you. x2
You closely miss the quokka. The quokka bites you.
You hit the quokka but do no damage. Your headbutt misses the quokka.
The quokka closely misses you.
You hit the quokka.
You kill the quokka!
Your transformation is almost over.
Your horns disappear.
Your +2 hat unmelds from your body.
A worm comes into view.
Found a lumpy orange potion.
Found a stone staircase leading down.
You see here a quokka corpse.
Found a stone staircase leading down.
A hound skeleton comes into view.
Casting: Beastly Appendage (safe; 9% risk of failure)
Confirm with . or Enter, or press ? or * to list all spells.
You grow a pair of large bovine horns.
Your +2 hat melds into your body.
Your transformation is almost over.
You hit the worm but do no damage. You headbutt the worm.
The worm is lightly wounded.
The worm bites you but does no damage.
You barely miss the worm. You hit the worm.
The worm is moderately wounded.
The worm closely misses you.
You hit the worm.
The worm is heavily wounded.
You barely miss the worm.
The worm is heavily wounded.
The hound skeleton barely misses you. The worm bites you!
The hound skeleton bites you but does no damage.
You hit the worm.
The worm is heavily wounded.
The hound skeleton bites you but does no damage.
The worm bites you!
You die...

#.## .... # #
+####..#.#..
+..!...#..
+........
+...?..#
++++..w...#
......Z@.>#
..........#
..........##
##.
#####>###.†##
###.... #..
##..##......#
#.#
##.†........
.. ###)#####.
... #...#
##.###


You could see a worm and a hound skeleton.

Vanquished Creatures
  An adder (D:2)
  3 endoplasms
  3 giant cockroaches
  2 goblins
  2 hobgoblins
  2 quokkas
  2 ball pythons
  2 bats (D:1)
  2 frilled lizards (D:2)
  3 kobolds
  3 rats (D:1)
25 creatures vanquished.

Vanquished Creatures (others)
  4 plants (D:1)
4 creatures vanquished.

Grand Total: 29 creatures vanquished

Notes
Turn   | Place    | Note
-------+----------+-------------------------------------------
     0 | D:1      | voltaire321 the Naga Transmuter began the quest for the
                  | Orb.
     0 | D:1      | Reached XP level 1. HP: 18/18 MP: 3/3
   297 | D:1      | Found Kiaskicy's General Store.
   303 | D:1      | Found Ryqehusk's Antique Weapon Emporium.
   351 | D:1      | Reached XP level 2. HP: 25/25 MP: 5/5
   356 | D:1      | Learned a level 2 spell: Wereblood
  1227 | D:2      | Reached XP level 3. HP: 21/31 MP: 3/6
  1339 | D:2      | Slain by a worm

Illustrated notes

Levels and vault maps discovered:
D:1:      tarquinn_simple_flora_water_f, layout_loops_ring, serial_forest,
          infiniplex_forest_clump_C, infiniplex_forest_lined_corner,
          infiniplex_forest_clump_curved, infiniplex_forest_straight_2,
          infiniplex_forest_clump_diagonal, infiniplex_forest_end_3,
          infiniplex_forest_side_room, infiniplex_forest_clump_long,
          serial_shops, shop_fountains, nicolae_shop_stone
D:2:      layout_rooms, hellmonk_ecumenical_altar_heavens_door

Action                   || total
-------------------------++-------
Melee: Unarmed           ||    77
       Headbutt          ||     9
 Cast: Beastly Appendage ||    17
 Abil: Spit Poison       ||     2
Armor: Robe              ||    10
Dodge: Dodged            ||    38

Table legend: (Time is in decaauts)
 A = Elapsed time spent in this place.
 B = Non-inter-level travel time spent in this place.
 C = Inter-level travel time spent in this place.
 D = Time resting spent in this place.
 E = Time spent auto-exploring this place.
 F = Levels seen in this place.
 G = Mean time per level.
                   A        B        C        D        E       F      G
               +--------+--------+--------+--------+--------+-----+--------+
         Total |   1624 |   1561 |     63 |      0 |   1286 |   2 |  812.0 |
       Dungeon |   1624 |   1561 |     63 |      0 |   1286 |   2 |  812.0 |
               +--------+--------+--------+--------+--------+-----+--------+

Top non-repeatable levels by time:
     D:1: 1265 daAuts
     D:2: 358 daAuts
